 Dungeon Crawl Stone Soup version 0.26-a0-597-gb535b0901c (webtiles) character file.

Game seed: 10404970230649780974

3663 Apogee the Thaumaturge (level 9, -8/35 HPs)
             Began as a Spriggan Conjurer on Sept 12, 2020.
             Was a Believer of Hepliaklqana.
             Mangled by a centaur warrior (11 damage)
             ... on level 10 of the Dungeon.
             The game lasted 00:15:21 (10990 turns).

Apogee the Thaumaturge (Spriggan Conjurer)         Turns: 10990, Time: 00:15:22

Health: -8/35      AC:  3    Str:  3    XL:     9   Next: 89%
Magic:  18/26      EV: 17    Int: 22    God:    Hepliaklqana [**....]
Gold:   321        SH:  0    Dex: 17    Spells: 25/32 levels left

rFire    . . .     SeeInvis +   C - +0 rapier
rCold    . . .     Faith    .   (shield restricted)
rNeg     . . .     Spirit   .   a - +0 robe
rPois    .         Reflect  .   (helmet restricted)
rElec    .         Harm     .   H - +1 cloak
rCorr    .         Clarity  +   (gloves unavailable)
MR       +....                  (boots unavailable)
Stlth    +++.......             (no amulet)
HPRegen  0.11/turn              (no ring)
MPRegen  0.20/turn              (no ring)

@: drained, very quick
A: very small, unfitting armour, reduced essence, thin skeletal structure 1, see
invisible, clarity, deformed body, speed 3
a: Recall Ancestor, Ancestor Identity, Renounce Religion


You were on level 10 of the Dungeon.
You worshipped Hepliaklqana.
Hepliaklqana was pleased with you.
You visited 2 branches of the dungeon, and saw 10 of its levels.

You collected 321 gold pieces.

Inventory:

Hand Weapons
 k - a +0 dagger
   (You took it off a goblin on level 1 of the Dungeon)
 y - a +1 dagger of draining
   (You took it off an orc on level 4 of the Dungeon)
 C - a +0 rapier (weapon)
   (You found it on level 6 of the Dungeon)
Missiles
 B - a throwing net (quivered) {!f}
Armour
 a - a +0 robe (worn)
 H - a +1 cloak (worn)
   (You found it on level 4 of the Dungeon)
 I - a +0 buckler
   (You found it on level 9 of the Dungeon)
Jewellery
 z - an uncursed amulet of the acrobat {unknown}
   (You found it on level 5 of the Dungeon)
 E - a +4 ring of evasion {unknown}
   (You found it on level 10 of the Dungeon)
 F - an uncursed ring of positive energy {unknown}
   (You found it on level 10 of the Dungeon)
Wands
 t - a wand of flame (12)
   (You took it off Sigmund on level 5 of the Dungeon)
 u - a wand of paralysis (7)
   (You found it on level 9 of the Dungeon)
 x - a wand of acid (11)
   (You found it on level 4 of the Dungeon)
Scrolls
 d - a scroll of enchant weapon {unknown}
 f - 3 scrolls of fear {unknown}
 g - 3 scrolls of remove curse {unknown}
 m - 4 scrolls of teleportation {unknown}
 n - a scroll of magic mapping {unknown}
 o - 2 scrolls of immolation {unknown}
 q - a scroll of enchant armour {unknown}
 r - 6 scrolls of identify {unknown}
 s - 2 scrolls of amnesia {unknown}
 v - a scroll of blinking {unknown}
 D - a scroll of fog {unknown}
Potions
 b - 2 potions of resistance {unknown}
 c - a potion of magic {unknown}
 e - 2 potions of haste {unknown}
 h - 2 potions of degeneration {unknown}
 i - 3 potions of mutation {!q}
 j - 4 potions of might
 l - a potion of stabbing {unknown}
 p - 5 potions of curing {@q1}
 w - a potion of flight {unknown}
 A - a potion of heal wounds {unknown}
 G - a potion of lignification {unknown}
 J - a potion of brilliance {unknown}


   Skills:
 - Level 3.0(2.4) Dodging
 - Level 3.0(2.4) Stealth
 + Level 0.4(0.0) Shields
 - Level 12.0(11.2) Spellcasting
 - Level 8.3(7.6) Conjurations
 + Level 1.2(0.6) Translocations


You had 25 spell levels left.
You knew the following spells:

 Your Spells              Type           Power        Failure   Level
a - Magic Dart            Conj           ####         1%          1
s - Searing Ray           Conj           #####.       1%          2
x - Iskenderun's Mystic   Conj/Tloc      ####....     10%         4

Your spell library contained the following spells:

 Spells                   Type           Power        Failure   Level
 Dazzling Flash           Conj/Hex       ####..       3%          3
 Fulminant Prism          Conj/Hex       ####......   11%         4


Dungeon Overview and Level Annotations

Branches:
Dungeon (10/15)            Temple (1/1) D:5            Lair (0/6) D:10
    Orc: D:9-12

Altars:
Fedhas
Hepliaklqana
Nemelex Xobeh
Qazlal
Ru
Uskayaw
Vehumet


Innate Abilities, Weirdness & Mutations

You are very small and have problems with some larger weapons.
You are too small for most types of armour.
You have supernaturally acute eyesight. (SInv)
You cover ground extremely quickly.
Your life essence is reduced to manifest your ancestor. (-10% HP)
You have a somewhat thin skeletal structure. (Dex +2, Stealth)
You possess an exceptional clarity of mind.
Armour fits poorly on your strangely shaped body.


Message History

Done exploring.
Done exploring.
There is a blossoming altar of Fedhas here.
You see here a leather armour.
There is a stone staircase leading down here.
You climb downwards.
The bullfrog hits you. x2
There is a stone staircase leading up here.
A bullfrog is nearby!
The spell is quite dangerous to cast (11% risk of failure)!
Continue anyway?
You erupt in a blast of force!
The mystic blast hits the bullfrog!
The bullfrog is knocked back by the mystic blast.
Aim: a bullfrog (moderately wounded)
The searing ray hits the bullfrog! (Press . to maintain the ray.)
The bullfrog completely misses you.
The searing ray hits the bullfrog.
The bullfrog closely misses you.
The searing ray misses the bullfrog.
The bullfrog hits you. x2
The searing ray hits the bullfrog!
You kill the bullfrog!
Your base Translocations skill increases to level 1!
You finish channeling your searing ray.
A centaur warrior is nearby!
A centaur warrior is nearby!
A centaur warrior is nearby!
A centaur warrior is nearby!
You start resting.
A centaur warrior is nearby!
The centaur warrior shouts!
The centaur warrior wields a +0 shortbow.
The centaur warrior shoots an arrow.
The arrow barely misses you.
The centaur warrior shoots an arrow.
The arrow hits you!
You see here an arrow.
The centaur warrior unwields a +0 shortbow.
The centaur warrior closely misses you.
Aim: a centaur warrior, quivering 10 arrows The searing ray hits the centaur warrior! (Press . to maintain the ray.)
The centaur warrior hits you.
The searing ray hits the centaur warrior.
The centaur warrior hits you but does no damage.
The centaur warrior hits you.
* * * LOW HITPOINT WARNING * * *
The searing ray hits the centaur warrior!
The centaur warrior hits you!
* * * LOW HITPOINT WARNING * * *
The spell is quite dangerous to cast (10% risk of failure)!
Continue anyway?
You erupt in a blast of force!
The mystic blast hits the centaur warrior.
The centaur warrior hits you!
You die...

.................................
.................................
.........# ##.................
....(....# #...######........
.........# #...# #........
.........#######...######........
.................................
................c................
................@(...............
.................................
....##########..(######.#######.#
....# #...# #.#######.#
....##########...######..........
.................................
################...<.............
#...†............#
#............#####


You could see a centaur warrior.

Vanquished Creatures
  A troll (D:9)
  Sigmund (D:5)
  6 yaks (D:9)
  2 vampire mosquitoes (D:9)
  An ice beast (D:9)
  An ogre (D:5)
  A phantom (D:4)
  2 centaurs (D:6)
  3 wolves (D:10)
  A gnoll sergeant (D:5)
  3 bullfrogs
  4 scorpions
  A water moccasin zombie (D:9)
  3 wights (D:9)
  A bullfrog zombie (D:9)
  A quasit (D:6)
  2 bullfrog skeletons
  3 orc priests
  6 hounds
  A jelly (D:6)
  An orc wizard (D:5)
  A centaur skeleton (D:6)
  5 worker ants
  A worker ant zombie (D:10)
  3 gnolls (D:5)
  13 adders
  A howler monkey skeleton (D:4)
  A white imp (D:4)
  An ufetubus (D:6)
  An adder skeleton (D:6)
  3 worms
  2 dart slugs
  8 leopard geckos
  7 orcs
  A ball python (D:5)
  2 giant cockroaches
  7 goblins
  5 hobgoblins
  6 jackals
  7 kobolds
  3 quokkas
  12 bats
  7 frilled lizards
  A jackal skeleton (D:4)
  2 jackal zombies
  10 rats
155 creatures vanquished.

Vanquished Creatures (collateral kills)
  A centaur skeleton (D:5)
  An adder (D:4)
  A gnoll (D:5)
  An orc (D:4)
  A quokka (D:5)
5 creatures vanquished.

Vanquished Creatures (others)
  An ancestor (D:4)
1 creature vanquished.

Grand Total: 161 creatures vanquished

Notes
Turn   | Place    | Note
-------+----------+-------------------------------------------
     0 | D:1      | Apogee the Spriggan Conjurer began the quest for the Orb.
     0 | D:1      | Reached XP level 1. HP: 9/9 MP: 5/5
   163 | D:1      | Reached skill level 3 in Spellcasting
   362 | D:1      | Reached XP level 2. HP: 12/13 MP: 0/7
   474 | D:1      | Learned a level 2 spell: Searing Ray
  1017 | D:2      | Reached XP level 3. HP: 16/16 MP: 1/9
  1225 | D:2      | Reached skill level 4 in Spellcasting
  1716 | D:2      | Found a radiant altar of Vehumet.
  1718 | D:2      | Found a sparkling altar of Nemelex Xobeh.
  1718 | D:2      | Found a hazy altar of Hepliaklqana.
  1736 | D:2      | Became a worshipper of Hepliaklqana the Forgotten
  2119 | D:3      | Reached XP level 4. HP: 18/18 MP: 7/11
  3743 | D:4      | Reached skill level 5 in Spellcasting
  3743 | D:4      | Reached XP level 5. HP: 16/21 MP: 4/13
  3846 | D:4      | Noticed a phantom
  3888 | D:4      | Killed a phantom
  4023 | D:4      | Reached XP level 6. HP: 25/25 MP: 11/15
  4095 | D:4      | Reached * piety under Hepliaklqana
  4167 | D:4      | Gained mutation: Armour fits poorly on your strangely
                  | shaped body. [potion of mutation]
  4167 | D:4      | Gained mutation: You possess an exceptional clarity of
                  | mind. [potion of mutation]
  4167 | D:4      | Gained mutation: You have a somewhat thin skeletal
                  | structure. (Dex +2, Stealth) [potion of mutation]
  4183 | D:4      | Reached skill level 6 in Spellcasting
  4379 | D:4      | Found a hide-covered altar of Uskayaw.
  4403 | D:4      | Found a sacrificial altar of Ru.
  4744 | D:5      | Entered Level 5 of the Dungeon
  4916 | D:5      | Reached skill level 5 in Conjurations
  4916 | D:5      | Reached XP level 7. HP: 28/28 MP: 12/18
  4987 | D:5      | Noticed Sigmund
  4992 | D:5      | Killed Sigmund
  4992 | D:5      | Reached skill level 7 in Spellcasting
  5152 | D:5      | Found a staircase to the Ecumenical Temple.
  5853 | D:5      | Reached skill level 8 in Spellcasting
  6415 | Temple   | Entered the Ecumenical Temple
  6473 | D:6      | Reached XP level 8. HP: 23/32 MP: 21/21
  6790 | D:6      | Reached ** piety under Hepliaklqana
  7473 | D:6      | Reached skill level 9 in Spellcasting
  7766 | D:6      | Remembered your ancestor Nenetl as a knight
  8018 | D:7      | You fall into a shaft and drop 3 floors!
  8018 | D:10     | Entered Level 10 of the Dungeon
  8018 | D:10     | Found a staircase to the Lair.
  8042 | D:10     | Reached skill level 10 in Spellcasting
  8555 | D:10     | Reached XP level 9. HP: 35/35 MP: 20/24
  8630 | D:10     | Noticed a centaur warrior
  9167 | D:9      | Noticed a troll
  9177 | D:9      | Killed a troll
  9533 | D:9      | Reached skill level 11 in Spellcasting
 10354 | D:9      | Reached skill level 12 in Spellcasting
 10360 | D:9      | Learned a level 4 spell: Iskenderun's Mystic Blast
 10780 | D:9      | Found a blossoming altar of Fedhas.
 10829 | D:10     | Reached skill level 1 in Translocations
 10990 | D:10     | Mangled by a centaur warrior

Illustrated notes

Levels and vault maps discovered:
D:1:      dpeg_arrival_shelter, layout_loops_cross
D:2:      layout_loops_ring, grunt_temple_overflow_diamond,
          chequers_serial_rivers_micro_b
D:3:      minmay_angry_zag, layout_basic, moated_statue, fountainhead
D:4:      layout_rooms, chequers_temple_overflow_statue_of_worship
D:5:      layout_loops_ring, temple_fountains, gup_sewer_entry_spiral,
          fountainhead, lightli_minifort, uniq_sigmund
D:6:      layout_loops_ring
D:7:      layout_gridville, lemuel_coloured_pillars_altar
D:9:      layout_basic, fedhas_altar_4
D:10:     layout_small_grid, erik_lair_island, chequers_serial_rivers_room_a
Temple:   eino_wide_crystal_templ

Skill      XL: |  1  2  3  4  5  6  7  8  9 |
---------------+----------------------------+-----
Conjurations   | 3 4 5 7 8 |  8.3
Spellcasting   | 3 4 5 6 8 10 12 | 12.0
Translocations | 1 |  1.2
Dodging        | |  3.0
Stealth        | |  3.0
Shields        | |  0.4

Action                   |  1- 3 |  4- 6 |  7- 9 || total
-------------------------+-------+-------+-------++-------
Melee: Unarmed           |     8 |       |       ||     8
       Dagger            |     4 |     3 |    60 ||    67
       Rapier            |       |       |    68 ||    68
 Cast: Magic Dart        |    87 |    84 |    37 ||   208
       Searing Ray       |     4 |    14 |    43 ||    61
       Iskenderun's Myst |       |       |     4 ||     4
Invok: Recall Ancestor   |       |     1 |     1 ||     2
       Ancestor Life: Kn |       |       |     1 ||     1
  Use: Potion            |       |     3 |       ||     3
 Stab: Sleeping          |       |       |     8 ||     8
Armor: Robe              |       |     1 |    26 ||    27
Dodge: Dodged            |    26 |    12 |   197 ||   235

Table legend: (Time is in decaauts)
 A = Elapsed time spent in this place.
 B = Non-inter-level travel time spent in this place.
 C = Inter-level travel time spent in this place.
 D = Time resting spent in this place.
 E = Time spent auto-exploring this place.
 F = Levels seen in this place.
 G = Mean time per level.
                   A        B        C        D        E       F      G
               +--------+--------+--------+--------+--------+-----+--------+
         Total |   9339 |   9194 |    145 |   2071 |   6081 |  10 |  933.9 |
       Dungeon |   9337 |   9192 |    145 |   2071 |   6081 |   9 | 1037.4 |
        Temple |      1 |      1 |      0 |      0 |      0 |   1 |    1.0 |
               +--------+--------+--------+--------+--------+-----+--------+

Top non-repeatable levels by time:
     D:9: 1921 daAuts
     D:3: 1319 daAuts
     D:5: 1305 daAuts
     D:6: 1156 daAuts
     D:4: 1015 daAuts
     D:2: 939 daAuts
    D:10: 755 daAuts
     D:1: 718 daAuts
     D:7: 204 daAuts
  Temple: 1 daAuts
